 Dungeon Crawl Stone Soup version 0.26-a0-597-gb535b0901c (webtiles) character file.

Game seed: 1548459685768476463

120 Alarkh the Insei (level 4, -8/37 HPs)
             Began as a Demonspawn Monk on Sept 2, 2020.
             Mangled by Sigmund
             ... wielding a +0 scythe
              (11 damage)
             ... on level 3 of the Dungeon.
             The game lasted 00:02:01 (2325 turns).

Alarkh the Insei (Demonspawn Monk)                  Turns: 2325, Time: 00:02:02

Health: -8/37      AC:  5    Str: 14 (17) XL:     4   Next: 75%
Magic:  0/4        EV: 11    Int: 12 (13) God:
Gold:   82         SH:  0    Dex: 13 (15) Spells: 3/3 levels left

rFire    . . .     SeeInvis .     - Unarmed
rCold    . . .     Faith    .   (no shield)
rNeg     . . .     Spirit   +   n - +0 ring mail (curse)
rPois    .         Reflect  .   (no helmet)
rElec    .         Harm     .   (no cloak)
rCorr    .                      (no gloves)
MR       .....                  (no boots)
Stlth    +.........             j - amulet of guardian spirit
HPRegen  0.12/turn              l - +6 ring of strength
MPRegen  0.09/turn              (no ring)

@: berserk cooldown, stab, slowed, very slow
A: claws 1, powered by pain 1
a: no special abilities


You were on level 3 of the Dungeon.
You visited 1 branch of the dungeon, and saw 3 of its levels.

You collected 82 gold pieces.

Inventory:

Armour
 a - a +0 robe
 n - a cursed +0 ring mail (worn)
Jewellery
 j - an amulet of guardian spirit (around neck)
 l - a +6 ring of strength (left claw)
Scrolls
 b - 10 scrolls of remove curse {unknown}
 d - a scroll of blinking {unknown}
 e - 5 scrolls of identify {unknown}
 f - a scroll of noise {unknown}
 h - a scroll of immolation {unknown}
 i - a scroll of fog {unknown}
 m - a scroll of teleportation {unknown}
 o - 3 scrolls of enchant armour {unknown}
Potions
 c - a potion of berserk rage


   Skills:
 + Level 4.0 Fighting
 - Level 2.6 Dodging
 - Level 1.7 Stealth
 * Level 4.4 Unarmed Combat


You had 3 spell levels left.
You didn't know any spells.
Your spell library contained the following spells:

 Spells                   Type           Power        Failure   Level
 Magic Dart               Conj           #...         56%         1
 Blink                    Tloc           N/A          71%         2
 Call Imp                 Summ           #.......     71%         2
 Slow                     Hex            #.......     71%         2
 Conjure Flame            Conj/Fire      #.......     90%         3
 Mephitic Cloud           Conj/Pois/Air  #.......     90%         3


Dungeon Overview and Level Annotations

Branches:
Dungeon (3/15)

Altars:
Dithmenos
Elyvilon
Qazlal
Vehumet
Xom

Annotations:
D:3 Sigmund


Innate Abilities, Weirdness & Mutations

You have sharp fingernails.
You sometimes gain a little power by taking damage.


Message History

Sigmund casts a spell.
Sigmund flickers and vanishes!
Deactivating autopickup; reactivate with Ctrl-A.
You bump into the rock wall.
You feel less confused. Something hits you!
It was a potion of stabbing.
You feel ready to backstab. Something hits you!
* * * LOW HITPOINT WARNING * * *
It was a potion of degeneration.
There was something very wrong with that liquid.
You feel weakened.
You feel dopey.
You feel clumsy. Something hits you.
* * * LOW HITPOINT WARNING * * *
You closely miss something. Something hits you but does no damage.
You miss something. Something hits you!
* * * LOW HITPOINT WARNING * * *
You closely miss something. Something hits you!
You die...

### ##### ##
#####.######.#.# #.#
.............#.####.##
......................
#######.#.####.#.####.##
.......@#.####.#.####...
......{.................
###.#.#.#.###...........
# #.#.#.# #..#.####..# #
#.#.# #..#.# #..#
....###..#.####..#
#.>................# #
#...#.###....###...#
#.#...#.# #....##....#


There were no monsters in sight!

Vanquished Creatures
  A hound (D:3)
  4 adders
  An adder skeleton (D:3)
  2 worms (D:2)
  A dart slug (D:3)
  A giant cockroach (D:1)
  8 hobgoblins
  3 jackals (D:1)
  5 kobolds
  A quokka (D:3)
  A ball python (D:1)
  5 bats
  5 frilled lizards
  5 goblins
  6 rats
49 creatures vanquished.

Vanquished Creatures (others)
  A goblin (D:2)
  A kobold (D:2)
2 creatures vanquished.

Grand Total: 51 creatures vanquished

Notes
Turn   | Place    | Note
-------+----------+-------------------------------------------
     0 | D:1      | Alarkh the Demonspawn Monk began the quest for the Orb.
     0 | D:1      | Reached XP level 1. HP: 18/18 MP: 1/1
   306 | D:1      | Gained mutation: You have sharp fingernails. [demonic
                  | ancestry]
   306 | D:1      | Reached XP level 2. HP: 4/24 MP: 2/2
  1151 | D:2      | Found a white marble altar of Elyvilon.
  1339 | D:2      | Gained mutation: You sometimes gain a little power by
                  | taking damage. [demonic ancestry]
  1339 | D:2      | Reached XP level 3. HP: 29/29 MP: 3/3
  1536 | D:2      | Found a radiant altar of Vehumet.
  1642 | D:2      | Found a shadowy altar of Dithmenos.
  1886 | D:3      | Reached XP level 4. HP: 31/37 MP: 4/4
  1937 | D:3      | Found a stormy altar of Qazlal.
  1980 | D:3      | Found a shimmering altar of Xom.
  2309 | D:3      | Noticed Sigmund
  2325 | D:3      | Mangled by Sigmund

Illustrated notes

Levels and vault maps discovered:
D:1:      wander_arrival_peaceful_grave, layout_basic, chequers_decorated_corner
D:2:      layout_basic, lemuel_doored_altar, fiery_altar_vehumet,
          grunt_dithmenos_smoke_and_mirrors
D:3:      layout_basic, xom_teletrap_fun, nicolae_qazlal_general_emergency,
          uniq_sigmund

Skill      XL: |  1  2  3  4 |
---------------+-------------+-----
Unarmed Combat | 3 4 |  4.4
Fighting       | 4 |  4.0
Dodging        | |  2.6
Stealth        | |  1.7

Action                   |  1- 3 |  4- 6 || total
-------------------------+-------+-------++-------
Melee: Unarmed           |   131 |    32 ||   163
       Punch             |     1 |       ||     1
  Use: Potion            |       |     3 ||     3
 Stab: Sleeping          |     7 |       ||     7
Armor: Robe              |    17 |     1 ||    18
       Ring mail         |       |     4 ||     4
Dodge: Dodged            |    84 |    17 ||   101

Table legend: (Time is in decaauts)
 A = Elapsed time spent in this place.
 B = Non-inter-level travel time spent in this place.
 C = Inter-level travel time spent in this place.
 D = Time resting spent in this place.
 E = Time spent auto-exploring this place.
 F = Levels seen in this place.
 G = Mean time per level.
                   A        B        C        D        E       F      G
               +--------+--------+--------+--------+--------+-----+--------+
         Total |   2315 |   2244 |     71 |    488 |   1384 |   3 |  771.7 |
       Dungeon |   2315 |   2244 |     71 |    488 |   1384 |   3 |  771.7 |
               +--------+--------+--------+--------+--------+-----+--------+

Top non-repeatable levels by time:
     D:1: 1066 daAuts
     D:2: 785 daAuts
     D:3: 463 daAuts
